 Dungeon Crawl Stone Soup version 0.17-a0-2127-g1cb09f6 (webtiles) character file.

119 Duffy the Insei (level 5, 0/49 HPs)
             Began as a Naga Monk on Oct 22, 2015.
             Slain by a river rat (5 damage)
             ... on level 3 of the Dungeon.
             The game lasted 00:03:08 (2508 turns).

Duffy the Insei (Naga Monk)                         Turns: 2508, Time: 00:03:09

Health: 0/49       AC:  6    Str: 13    XL:     5   Next: 3%
Magic:  5/5        EV:  1    Int: 12    God:
Gold:   76         SH:  0    Dex: 13    Spells: 0 memorised, 4 levels left

rFire  . . .     SeeInvis +       - Unarmed
rCold  + . .     Clarity  .     s - +0 plate armour {rC+}
rNeg   . . .     SustAt   .     (no shield)
rPois  +         Gourm    .     (no helmet)
rElec  .         Spirit   .     (no cloak)
rCorr  .         Warding  .     (no gloves)
rMut   .         Stasis   .     (no barding)
MR     .....                    (no amulet)
Stlth  ..........               (no ring)
                                (no ring)

@: short of breath, very slow, not resistant to hostile enchantments, extremely
unstealthy
A: see invisible, deformed body, poison resistance, slowness 2, slow metabolism
1, spit poison 2, AC +1
a: Spit Poison


You were on level 3 of the Dungeon.
You were hungry.

You visited 1 branch of the dungeon, and saw 3 of its levels.

You collected 76 gold pieces.


Innate Abilities, Weirdness & Mutations

You cannot wear boots.
Your serpentine skin is tough (AC +1).
You have supernaturally acute eyesight.
Armour fits poorly on your strangely shaped body.
Your system is resistant to poisons.
You cover ground very slowly.
You have a slow metabolism.
You can spit poison.


   Skills:
 - Level 3.0 Fighting
 - Level 2.4 Dodging
 - Level 3.0 Stealth
 + Level 6.1 Unarmed Combat


You had 4 spell levels left.
You didn't know any spells.

Inventory:

Missiles
 c - 48 stones (quivered)
Armour
 a - a +0 robe
 s - a +0 plate armour of cold resistance (worn)
Jewellery
 h - an uncursed ring of protection from fire {unknown}
Scrolls
 d - 3 scrolls of remove curse {unknown}
 f - 2 scrolls of enchant weapon {unknown}
 g - a scroll of amnesia {unknown}
 i - a scroll of identify {unknown}
 j - 2 scrolls of magic mapping {unknown}
 l - a scroll of fog {unknown}
 m - 2 scrolls of teleportation {unknown}
 n - a scroll of fear {unknown}
 o - a scroll of enchant armour {unknown}
 r - a scroll of recharging {unknown}
Potions
 e - 2 potions of lignification {unknown}
 k - a potion of poison {unknown}
 p - a potion of curing {unknown}
 q - a potion of degeneration {unknown}
Comestibles
 b - 6 bread rations

Dungeon Overview and Level Annotations

Branches:
Dungeon (3/15)

Altars:
Sif Muna
Vehumet
Yredelemnul
The Shining One

Annotations:
D:3 Robin


Message History

You are too injured to fight recklessly!
You are too injured to fight recklessly!
You are too injured to fight recklessly!
Use which ability?
Press: ? - help, Shift-Dir - straight line, f - river rat
Aim: a river rat (moderately wounded)
The splash of poison hits the river rat.
The river rat is poisoned.
You kill the river rat!
You feel slightly more hungry. The river rat bites you.
You punch the river rat!
The river rat is severely wounded.
You are feeling hungry.
You punch the river rat!
You kill the river rat!
You have reached level 5!
You closely miss the river rat.
You have got your breath back.
Your plate armour prevents you from hitting the river rat.
You hear the quick rusting of a drain nearby.
The river rat completely misses you.
Use which ability?
Press: ? - help, Shift-Dir - straight line, f - river rat
Aim: a river rat The splash of poison hits the river rat.
The river rat is poisoned.
The river rat is heavily wounded.
You feel slightly more hungry. The river rat bites you.
Your plate armour prevents you from hitting the river rat.
The river rat is heavily wounded.
The river rat bites you.
You closely miss the river rat.
The river rat is heavily wounded.
The river rat bites you.
You die...

###.......#
#.........#
#.#########
#.# #.# #.#
#.# #.# #@#
########r#
....r...r#
≈≈≈...$..#
≈..≈r....#
≈≈≈≈≈≈...#
###+≈≈...#
#≈≈..##
#≈≈≈.#


You could see a river rat and a rat.

Action                   |  1- 3 |  4- 6 || total
-------------------------+-------+-------++-------
Melee: Unarmed           |    78 |    42 ||   120
 Abil: Spit Poison       |    20 |    10 ||    30
 Stab: Sleeping          |     7 |     1 ||     8
  Eat: Chunk             |     2 |     3 ||     5

Notes
Turn   | Place    | Note
--------------------------------------------------------------
     0 | D:1      | Duffy the Naga Monk began the quest for the Orb.
     0 | D:1      | Reached XP level 1. HP: 21/21 MP: 1/1
   127 | D:1      | Reached XP level 2. HP: 18/28 MP: 2/2
   432 | D:1      | Reached XP level 3. HP: 34/34 MP: 3/3
   571 | D:1      | Reached skill level 5 in Unarmed Combat
  1286 | D:2      | Found a radiant altar of Vehumet.
  1591 | D:2      | Found a glowing golden altar of the Shining One.
  1636 | D:2      | Reached XP level 4. HP: 38/42 MP: 4/4
  2102 | D:3      | Found a basalt altar of Yredelemnul.
  2226 | D:3      | Found a deep blue altar of Sif Muna.
  2244 | D:3      | Noticed Robin
  2494 | D:3      | Reached skill level 6 in Unarmed Combat
  2503 | D:3      | Reached XP level 5. HP: 14/49 MP: 5/5
  2508 | D:3      | Slain by a river rat

Vault maps used:
D:1:      dpeg_arrival_simpleton_a, hex_medium
D:2:      fiery_altar_vehumet, nicolae_tso_swordbearing_angel, first_bread
D:3:      old_standard_altar, yredelemnul_forgotten_temple_becter,
          portal_sewer_entry_e, uniq_grinder, uniq_robin, uniq_terence

Vanquished Creatures
  2 river rats
  4 adders
  3 oozes
  2 worms
  3 ball pythons
  A giant cockroach
  4 goblins
  6 hobgoblins
  3 jackals
  6 kobolds
  8 bats
  2 giant geckos
  2 giant newts
  4 rats
  A spectral orc
51 creatures vanquished.
